 Seeded DCSS version 0.29.1-1-gd02db6906a (webtiles) character file.

Game seed: 11355732149685707320 (custom seed)

33 gzilladon the Chopper (level 3, 0/33 HPs)
             Began as a Hill Orc Monk on Sept 28, 2022.
             Was a Believer of Beogh.
             Succumbed to an adder's poison
             ... on level 4 of the Dungeon.
             The game lasted 00:02:55 (968 turns).

gzilladon the Chopper (Hill Orc Monk)                Turns: 968, Time: 00:02:56

Health: 0/33       AC:  6    Str: 15    XL:     3   Next: 29%
Magic:  3/3        EV:  5    Int: 10    God:    Beogh [**....]
Gold:   24         SH: 10    Dex: 13    Spells: 2/2 levels left

rFire   . . .      SeeInvis .   a - +0 hand axe
rCold   . . .      Faith    .   e - +0 tower shield
rNeg    . . .      Spirit   .   d - +0 scale mail
rPois   .          Reflect  .   (no helmet)
rElec   .          Harm     .   (no cloak)
rCorr   .          Rampage  .   (no gloves)
Will    .....                   (no boots)
Stlth   ..........              (no amulet)
HPRegen 0.11/turn               (no ring)
MPRegen 0.08/turn               (no ring)

@: lethally poisoned (0 -> -2)
A: no striking features
a: Renounce Religion, Smiting


You were on level 4 of the Dungeon.
You worshipped Beogh.
Beogh was pleased with you.
You visited 1 branch of the dungeon, and saw 4 of its levels.

You collected 24 gold pieces.

Inventory:

Hand Weapons
 a - a +0 hand axe (weapon)
Armour
 b - a +0 robe
 d - a +0 scale mail (worn)
 e - a +0 tower shield (worn)
Jewellery
 g - an amulet of guardian spirit
Potions
 c - a potion of ambrosia
 f - 2 potions of might {unknown}


   Skills:
 * Level 4.1 Fighting
 * Level 4.8 Axes
 * Level 1.0 Armour
 + Level 2.5 Dodging
 - Level 1.5 Stealth


You had 2 spell levels left.
You didn't know any spells.
Your spell library was empty.

Dungeon Overview and Level Annotations

Branches:
Dungeon (4/15)             Temple (0/1) D:4

Altars:
Zin


Message History

You feel sick. The adder bites you.
You are more poisoned.
The adder poisons you!
You feel sick. The adder bites you but does no damage.
You block the adder's attack.
You feel sick. The adder bites you.
You feel sick. The adder bites you.
You feel sick. The adder bites you. The adder barely misses you.
You feel sick. You block the adder's attack.
You feel sick.
You are no longer poisoned.
The adder bites you but does no damage. You block the adder's attack.
The adder bites you but does no damage. The adder bites you.
The adder bites you but does no damage. You block the adder's attack.
The adder bites you but does no damage. The adder bites you.
You are poisoned.
The adder poisons you!
You feel sick. You block the adder's attack.
You feel sick. The adder completely misses you.
You feel sick.
The adder bites you but does no damage. x2
You feel sick.
You are no longer poisoned.
You block the adder's attack. The adder bites you but does no damage.
You block the adder's attack. The adder bites you but does no damage.
You block the adder's attack. You block the adder's attack.
You block the adder's attack. The adder bites you.
* * * LOW HITPOINT WARNING * * *
You are poisoned.
The adder poisons you! The adder bites you.
* * * LOW HITPOINT WARNING * * *
* * * LOW HITPOINT WARNING * * *
You feel sick. The adder barely misses you.
* * * LOW HITPOINT WARNING * * *
You feel sick. You block the adder's attack.
You die...

#####..##..###...........
#..###...............
#......###..#....#...
##)##..###..#....#...
#......##..#..#.# #.
###............## .
#....###..#...
#S.........#...
#@...#..#####.>.
#...###....#...
#.###########..##
#..#...# #.....#.......(#
#.... #....[.....## ...
###.#######.## ##.# #.#
#..###.## #.# #.......#
#.# #######.#


You could see an adder.

Vanquished Creatures
  A worm (D:2)
  A dart slug (D:4)
  4 orcs
  2 endoplasms
  2 giant cockroaches
  4 goblins
  2 hobgoblins (D:4)
  2 ball pythons
  A bat (D:1)
  A frilled lizard (D:1)
  3 kobolds
23 creatures vanquished.

Notes
Turn   | Place    | Note
-------+----------+-------------------------------------------
     0 | D:1      | gzilladon the Hill Orc Monk began the quest for the Orb.
     0 | D:1      | Reached XP level 1. HP: 19/19 MP: 1/1
   118 | D:2      | Reached XP level 2. HP: 20/27 MP: 2/2
   436 | D:3      | Became a worshipper of Beogh the Brigand
   436 | D:3      | Reached * piety under Beogh
   436 | D:3      | Reached ** piety under Beogh
   467 | D:4      | Found a staircase to the Ecumenical Temple.
   686 | D:4      | Reached XP level 3. HP: 25/33 MP: 3/3
   692 | D:4      | Found a glowing silver altar of Zin.
   799 | D:4      | Reached skill level 1 in Armour
   837 | D:4      | Identified the +7 hand axe "Syocwij" {vamp, *Rage +Blink
                  | rN+++ Int-4}
   967 | D:4      | HP: 1/33 [poisoned by an adder]
   968 | D:4      | Succumbed to an adder's poison

Illustrated notes

Levels and vault maps discovered:
D:1:      onia_arrival_pyramid, layout_basic, serial_shops, shop,
          hellmonk_ecumenical_altar_zigzags, minmay_misc_feat_cross
D:2:      layout_basic, fountainhead
D:3:      layout_loops_cross, mainiacjoe_overflow_boulevard,
          nemelex_diamond_rough_becter, mainiacjoe_overflow_tiny_flanked,
          trog_book, lightli_sewer_entry_pipes
D:4:      layout_loops_ring, mainiacjoe_overflow_alcove_1,
          minmay_temple_entry_arrows, nicolae_shop_i_like_big_books

Skill      XL: |  1  2  3 |
---------------+----------+-----
Fighting       | 4 |  4.1
Armour         | 1 |  1.0
Axes           | |  4.8
Dodging        | |  2.5
Stealth        | |  1.5

Action                   || total
-------------------------++-------
Melee: Hand axe          ||    74
Invok: Convert to Beogh  ||     1
Armor: Scale mail        ||    47
Dodge: Dodged            ||    35
Block: Tower shield      ||    33
